 Dungeon Crawl Stone Soup version 0.31-a0-187-gba352fbbf7 (webtiles) character file.

Game seed: 14180694254697043706

50 qw the Shooter (level 3, -3/20 HPs)
             Began as a Deep Elf Hunter on June 22, 2023.
             Slain by Sigmund
             ... wielding a +0 scythe
              (8 damage)
             ... on level 2 of the Dungeon.
             The game lasted 00:00:22 (1048 turns).

qw the Shooter (Deep Elf Hunter)                    Turns: 1048, Time: 00:00:23

Health: -3/20      AC:  8    Str: 10    XL:     3   Next: 55%
Magic:  5/5        EV: 11    Int: 13    God:
Gold:   103        SH:  0    Dex: 18    Spells: 2/2 levels left

rFire   . . .        Y - +1 shortbow
rCold   . . .        (shield currently unavailable)
rNeg    . . .        f - +0 ring mail
rPois   .            (no helmet)
rElec   .            (no cloak)
rCorr   .            h - +2 pair of gloves
SInv    .            (no boots)
Will    .....        (no amulet) Stlth
                     (no ring)
HPRegen 0.23/turn    (no ring)
MPRegen 0.09/turn

%: no passive effects
@: confused
A: no striking features
a: no special abilities


You were on level 2 of the Dungeon.
You visited 1 branch of the dungeon, and saw 2 of its levels.

You collected 103 gold pieces.


   Skills:
 - Level 1.5 Fighting
 + Level 7.1 Ranged Weapons
 - Level 2.4 Dodging
 - Level 1.2 Stealth


You had 2 spell levels left.
You didn't know any spells.
Your spell library was empty.

Inventory:

Hand Weapons
 Y - a +1 shortbow (weapon)
Armour
 f - a +0 ring mail (worn)
 h - a +2 pair of gloves (worn)
Potions
 e - a potion of curing {unknown}
 g - 2 potions of lignification {unknown}
 j - 2 potions of heal wounds {unknown}

Dungeon Overview and Level Annotations

Branches:
Dungeon (2/15)

Altars:

Annotations:
D:2 Sigmund


Message History

The goblin hits you but does no damage.
You shoot an arrow. The arrow hits the goblin.
You kill the goblin!
Things that are here:
a +0 dagger; a goblin corpse
Found a pair of gloves.
You see here a +0 pair of gloves.
You now have 103 gold pieces (gained 8).
Sigmund the Dreaded comes into view.
He is wielding a +0 scythe.
Sigmund shouts!
Enter note: You shoot an arrow.
The arrow hits Sigmund.
Sigmund is lightly wounded.
Sigmund points at you and mumbles some strange words.
You are confused.
A hobgoblin comes into view.
Sigmund mumbles some strange words.
Sigmund flickers and vanishes!
Deactivating autopickup; reactivate with Ctrl-A.
A giant cockroach comes into view.
You hear an angry hiss.
You shoot an arrow.
An adder comes into view.
A puff of flame appears from out of thin air!
The puff of flame hits you!
Ouch! That really hurt!
You feel less confused.
You shoot an arrow. The arrow hits the adder.
The adder is heavily wounded.
A magic dart appears from out of thin air!
The magic dart hits you but does no damage.
You shoot an arrow. The arrow barely misses the adder.
The arrow barely misses the hobgoblin.
You shoot an arrow. The arrow misses the adder.
You hear some strange, mumbled words.
You are confused.
Something hits you. The adder bites you but does no damage.
The adder bites you but does no damage. Something hits you!
You die...

#########.#####
#.....# #####.#
######.#
#......#
#......# #
#......########
#
######.........
## #@.#######
.##### #SB#
....(.. ...#
..###.# .##g#
..# .. #'# ..#
.. ... ### #..
... #. ...


You could see an adder, a giant cockroach and a hobgoblin.

Vanquished Creatures
  2 adders (D:2)
  4 ball pythons (D:1)
  An endoplasm (D:1)
  2 goblins
  5 hobgoblins
  2 jackals (D:1)
  A quokka (D:1)
  2 bats
  5 frilled lizards
  5 kobolds
  3 rats (D:1)
32 creatures vanquished.

Notes
Turn   | Place    | Note
-------+----------+-------------------------------------------
     0 | D:1      | qw the Deep Elf Hunter began the quest for the Orb.
     0 | D:1      | Reached XP level 1. HP: 12/12 MP: 3/3
     0 | D:1      | 0 ||| qw: Version: 0.3-a-9-g12657ce
     0 | D:1      | 0 ||| qw: Game counter: 2273
     0 | D:1      | 0 ||| qw: Always use a shield: true
     0 | D:1      | 0 ||| qw: God list: Okawaru
     0 | D:1      | 0 ||| qw: Allow faded altars: false
     0 | D:1      | 0 ||| qw: Do Orc after D:15 true
     0 | D:1      | 0 ||| qw: Do second Lair branch before Depths: true
     0 | D:1      | 0 ||| qw: Lair rune preference: random
     0 | D:1      | 0 ||| qw: Plans: Normal
     0 | D:1      | 0 ||| PLANNING D:1-11
   103 | D:1      | Reached XP level 2. HP: 16/16 MP: 4/4
   105 | D:1      | Reached skill level 6 in Ranged Weapons
   641 | D:1      | Found a faded altar of an unknown god.
   784 | D:1      | 784 ||| UPGRADING to +0 ring mail.
   794 | D:1      | 794 ||| DROPPING +0 leather armour.
   795 | D:1      | 795 ||| UPGRADING to +2 pair of gloves.
   800 | D:1      | 800 ||| READING scroll labelled PUUVIEKOLIRI.
   801 | D:1      | 801 ||| READING scroll labelled OJERCHE ZURAKH.
   802 | D:1      | 802 ||| READING scroll labelled USANTAURAU.
   803 | D:1      | 803 ||| DROPPING scroll of butterflies.
   894 | D:2      | Reached XP level 3. HP: 17/20 MP: 5/5
   946 | D:2      | Reached skill level 7 in Ranged Weapons
  1037 | D:2      | Noticed Sigmund
  1046 | D:2      | HP: 4/20 [something (5)]
  1048 | D:2      | Slain by Sigmund

Levels and vault maps discovered:
D:1:      dpeg_arrival_erosion, layout_basic,
          shapermc_ecumenical_altar_mp_ritualfount, serial_forest,
          infiniplex_forest_lined_corner, infiniplex_forest_lined_ring,
          infiniplex_forest_zigzag_1, infiniplex_forest_clump_small,
          infiniplex_forest_end_1, infiniplex_forest_end_2,
          infiniplex_forest_lined_1, infiniplex_forest_clump_C,
          minmay_indecisive_spiral
D:2:      layout_basic, basic_altar, serial_corexii_hall,
          corexii_hall_statues_l, corexii_hall_statues_u, serial_shops,
          shop_fountains, st_stairs_6, minmay_box_of_dots, uniq_sigmund,
          uniq_jessica

Skill      XL: |  1  2  3 |
---------------+----------+-----
Ranged Weapons | 6 7 |  7.1
Fighting       | |  1.5
Dodging        | |  2.4
Stealth        | |  1.2

Action                     || total
---------------------------++-------
   Fire: Shortbow          ||    87
    Use: Scroll            ||     3
 Armour: Leather armour    ||     3
         Ring mail         ||    12
  Dodge: Dodged            ||    16

Table legend:
 A = Non-vault XP
 B = Vault XP
 C = Vault XP percentage of total XP
 D = Non-vault monster count
 E = Vault monster count
 F = Vault count percentage of total count
                 A         B        C        D         E       F
            +---------+---------+-------+---------+---------+-------
      Total |      65 |       7 |   9.7 |      28 |       4 |  12.5
            +---------+---------+-------+---------+---------+-------
        D:1 |      29 |       7 |  19.4 |      20 |       4 |  16.7
        D:2 |      36 |       0 |   0.0 |       8 |       0 |   0.0
            +---------+---------+-------+---------+---------+-------
